 Dungeon Crawl Stone Soup version 0.28-a0-529-g3bad584f25 (webtiles) character file.

Game seed: 16249893189241141612

283 speeev33 the Skirmisher (level 6, -4/40 HPs)
             Began as a Gargoyle Fighter on Sept 25, 2021.
             Was an Initiate of Okawaru.
             Killed by divine providence
             ... invoked by an orc priest
              (9 damage)
             ... on level 4 of the Dungeon.
             The game lasted 00:05:09 (3507 turns).

speeev33 the Skirmisher (Gargoyle Fighter)          Turns: 3507, Time: 00:05:10

Health: -4/40      AC: 17    Str: 22    XL:     6   Next: 28%
Magic:  6/6        EV:  5    Int:  8    God:    Okawaru [......]
Gold:   112        SH: 12    Dex:  9    Spells: 5/5 levels left

rFire   . . .      SeeInvis .   a - +1 flail
rCold   . . .      Faith    .   p - +0 tower shield
rNeg    + . .      Spirit   .   b - +0 scale mail
rPois   ∞          Reflect  .   m - +0 helmet
rElec   +          Harm     .   h - +0 cloak
rCorr   .          Rampage  .   e - +0 pair of gloves
Will    +....                   l - +1 pair of boots
Stlth   ..........              (no amulet)
HPRegen 0.13/turn               j - ring of willpower
MPRegen 0.10/turn               (no ring)

@: no status effects
A: sickness immunity, AC +4, negative energy resistance 1, electricity
resistance, torment resistance 1, petrification resistance
a: Renounce Religion


You were on level 4 of the Dungeon.
You worshipped Okawaru.
Okawaru was noncommittal.
You visited 2 branches of the dungeon, and saw 5 of its levels.

You collected 161 gold pieces.
You spent 49 gold pieces at shops.

Inventory:

Hand Weapons
 a - a +1 flail (weapon)
Armour
 b - a +0 scale mail (worn)
 e - a +0 pair of gloves (worn)
 h - a +0 cloak (worn)
 l - a +1 pair of boots (worn)
 m - a +0 helmet (worn)
 p - a +0 tower shield (worn)
Jewellery
 j - a ring of willpower (left hand)
Scrolls
 f - a scroll of fog
 g - 2 scrolls of enchant armour
 n - a scroll of blinking
Potions
 c - a potion of berserk rage
 d - 2 potions of might
 i - a potion of attraction
 k - a potion of curing {unknown}


   Skills:
 + Level 4.9 Fighting
 + Level 3.7 Maces & Flails
 + Level 4.7 Armour
 + Level 4.2 Shields


You had 5 spell levels left.
You didn't know any spells.
Your spell library contained the following spells:

 Spells                   Type           Power      Damage    Failure   Level
 Ignite Poison            Fire/Tmut/Pois 0%         N/A       100%        3
 Mephitic Cloud           Conj/Pois/Air  0%         N/A       100%        3
 Freezing Cloud           Conj/Ice/Air   0%         6-21      100%        5


Dungeon Overview and Level Annotations

Branches:
Dungeon (4/15)             Temple (1/1) D:4

Altars:
Cheibriados
Dithmenos
Gozag
Hepliaklqana
Okawaru
Ru
Trog
Xom
The Shining One

Shops:
D:3 [


Innate Abilities, Weirdness & Mutations

You are immune to sickness and miasma.
Your stone body is resilient. (AC +4)
You are immune to poison.
You resist negative energy. (rN+)
You are resistant to electric shocks. (rElec)
You are resistant to unholy torment.
You are immune to petrification.


Message History

Okawaru accepts your kill. The orc hits you but does no damage.
The orc hits you with a +0 club.
The orc wizard gestures wildly while chanting.
The orc wizard flickers and vanishes!
Deactivating autopickup; reactivate with Ctrl-A.
There is an open door here.
You closely miss the orc priest. You block the orc priest's attack.
The orc hits you but does no damage.
The orc priest hits you but does no damage.
You hit the orc priest.
The orc priest is lightly wounded.
The orc hits you with a +0 club. You block the orc priest's attack.
You block the orc's attack.
You thump the orc priest!
The orc priest is severely wounded.
The orc priest hits you but does no damage.
The orc barely misses you.
The orc priest mumbles some strange prayers to Beogh against you.
Beogh smites you! You block the orc's attack.
You hit the orc priest.
The orc priest is severely wounded.
You block the orc priest's attack. You block the orc's attack.
You block the orc priest's attack. The orc hits you but does no damage.
You closely miss the orc priest.
The orc priest is severely wounded.
The orc priest invokes the aid of Beogh against you.
Beogh smites you!
* * * LOW HITPOINT WARNING * * *
You block the orc's attack.
You closely miss the orc priest.
The orc priest is severely wounded.
You block the orc priest's attack. You block the orc's attack.
The orc priest hits you with a +0 club.
* * * LOW HITPOINT WARNING * * *
The orc hits you with a +0 club.
* * * LOW HITPOINT WARNING * * *
The orc priest invokes the aid of Beogh against you.
Beogh smites you!
You die...

,,*,,,,,,#......#....##..##.....#
,,*,,,,,,#......#.......,.......#
,,*+*****#...######..##.........#
**,,,,,,,#...######..##,.......##
,*,,,,,,,#...#........#,,.,,,,,**
,*,,,,,,,#...#........+,,,,,,,,*,
,*,,,,,,,#...#........#,,,,,,,,+,
,*,,,,,,,#...'........#,,,,,,,,**
,*,,,,,,,#...###@##+###,,,,,,,,#*
**,,,,,,,#...#*#.##..#####*,,...,
*,,,,,,,+....,#.o.o.##..##.....,
*,,,,,,,#....,#....o'...).....#*
*,,,,,,,#....##.....#.........#*
*,,,,,,,#+#####.....#.........#,
*,,,,,,,*,,,,*#.....##..##....#,
*,,,,,,,*,,,,*#.....##..#*....#,
*,,,,,,,*,,,,*#.....#....,,...#*


You could see an orc priest.

Vanquished Creatures
  An orc priest (D:4)
  A hound (D:3)
  Jessica (D:3)
  7 gnolls
  6 adders
  A worm (D:3)
  2 dart slugs (D:1)
  3 orcs
  6 ball pythons
  7 endoplasms
  5 goblins
  11 hobgoblins
  8 kobolds
  4 quokkas
  4 bats
  3 frilled lizards (D:1)
  4 rats
74 creatures vanquished.

Vanquished Creatures (others)
  5 plants (D:3)
5 creatures vanquished.

Grand Total: 79 creatures vanquished

Notes
Turn   | Place    | Note
-------+----------+-------------------------------------------
     0 | D:1      | speeev33 the Gargoyle Fighter began the quest for the Orb.
     0 | D:1      | Reached XP level 1. HP: 14/14 MP: 1/1
    64 | D:1      | Reached XP level 2. HP: 17/19 MP: 2/2
   679 | D:1      | Reached XP level 3. HP: 16/23 MP: 3/3
  1226 | D:2      | Reached XP level 4. HP: 29/29 MP: 4/4
  1647 | D:3      | Reached XP level 5. HP: 29/34 MP: 5/5
  1818 | D:3      | Found Ter Waw's Armour Boutique.
  1913 | D:3      | Noticed Jessica
  1926 | D:3      | Killed Jessica
  2636 | D:3      | Bought a +0 tower shield for 49 gold pieces
  2817 | D:4      | Found a staircase to the Ecumenical Temple.
  2824 | Temple   | Entered the Ecumenical Temple
  2845 | Temple   | Became a worshipper of Warmaster Okawaru
  3042 | D:4      | Reached XP level 6. HP: 28/40 MP: 6/6
  3507 | D:4      | Killed from afar by an orc priest

Illustrated notes

Levels and vault maps discovered:
D:1:      dpeg_arrival_arbitrary_c, layout_basic, minmay_split_cup_large
D:2:      layout_rooms
D:3:      layout_basic, serial_shops, shop, serial_bayou, serial_bayou_pond_a,
          serial_bayou_lagoon_a, serial_bayou_lake_a, serial_bayou_shore_b,
          minmay_misc_feat_five, uniq_jessica
D:4:      layout_gridville, minmay_temple_entry_wispy
Temple:   chequers_temple_sunken

Skill      XL: |  1  2  3  4 |
---------------+-------------+-----
Fighting       | 4 |  4.9
Armour         | 4 |  4.7
Maces & Flails | 3 |  3.7
Shields        | 4 |  4.2

Action                   |  1- 3 |  4- 6 || total
-------------------------+-------+-------++-------
Melee: Flail             |   105 |   152 ||   257
  Use: Scroll            |     4 |     6 ||    10
Armor: Scale mail        |    56 |    89 ||   145
Dodge: Dodged            |    59 |    67 ||   126
Block: Buckler           |    17 |    16 ||    33
       Tower shield      |       |    58 ||    58

Table legend: (Time is in decaauts)
 A = Elapsed time spent in this place.
 B = Non-inter-level travel time spent in this place.
 C = Inter-level travel time spent in this place.
 D = Time resting spent in this place.
 E = Time spent auto-exploring this place.
 F = Levels seen in this place.
 G = Mean time per level.
                   A        B        C        D        E       F      G
               +--------+--------+--------+--------+--------+-----+--------+
         Total |   3646 |   3429 |    217 |    193 |   2405 |   5 |  729.2 |
       Dungeon |   3608 |   3405 |    203 |    193 |   2389 |   4 |  902.0 |
        Temple |     38 |     25 |     13 |      0 |     16 |   1 |   38.0 |
               +--------+--------+--------+--------+--------+-----+--------+

Top non-repeatable levels by time:
     D:3: 1415 daAuts
     D:1: 849 daAuts
     D:2: 744 daAuts
     D:4: 598 daAuts
  Temple: 38 daAuts
